WCHLSIM.com - West Coast Hockey League
html PUBLIC "-//W3C//DTD XHTML 1.0 Transitional//EN" "http://www.w3.org/TR/xhtml1/DTD/xhtml1-transitional.dtd"> WCHL - Game 541 - SEATTLE GRUNGE vs REGINA FALCONS

SEATTLE GRUNGE vs REGINA FALCONS

Created - 6 janvier 2023 at 09:01

Goals
1 2 3 T
SEATTLE GRUNGE 3 1 0 4
REGINA FALCONS 0 0 1 1
Shots
1 2 3 T
SEATTLE GRUNGE 13 10 7 30
REGINA FALCONS 9 9 9 27

1st period

1. SEATTLE GRUNGE , Warren Foegele 4 (Nikita Zaitsev 5) at 2:18
2. SEATTLE GRUNGE , Garnet Hathaway 5 (David Savard 3, Rem Pitlick 11) at 13:11
3. SEATTLE GRUNGE , Roman Josi 4 (Tyler Seguin 10, Riley Sheahan 9) at 13:20

Penalties :
No Penalty

2nd period

4. SEATTLE GRUNGE , Garnet Hathaway 6 (Roman Josi 16, Rem Pitlick 12) at 1:20

Penalties :
Aaron Ekblad (REG) for Tripping (Minor) at 7:05, Wayne Simmonds (SEA) for Interference (Minor) at 11:25

3rd period

5. REGINA FALCONS , Ivan Provorov 6 (David Pastrnak 17, Tyler Bozak 10) at 0:06

Penalties :
Ben Harpur (REG) for Hooking (Minor) at 14:57

Goalie Stats

Devan Dubnyk (SEA), 26 saves from 27 shots - (0,963), W, 2-7-0, 60:00 minutes
Chris Driedger (REG), 13 saves from 17 shots - (0,765), L, 3-14-1, 21:20 minutes
Jordan Binnington (REG), 13 saves from 13 shots - (1,000), 38:40 minutes

Players Stats for SEATTLE GRUNGE

Player Name              G  A  P  +/- PIM S  H  SB GA TA FO     MP     PP MP  PK MP  
------------------------------------------------------------------------------------
Danny DeKeyser           0  0  0   1  0   0  2  2  0  0  0/0    19:22   0:00   0:45 
David Savard             0  1  1   2  0   0  2  2  0  0  0/0    18:06   0:12   0:18 
Garnet Hathaway          2  0  2   1  0   6  3  0  0  0  0/1    17:24   1:39   0:52 
Jakub Vrana              0  0  0   1  0   1  0  0  0  0  0/0    17:39   1:39   1:07 
Kyle Palmieri            0  0  0   0  0   3  0  0  0  0  0/1    21:01   2:19   0:29 
Milan Lucic              0  0  0   1  0   1  1  0  0  0  3/4    10:25   1:53   0:52 
Morgan Geekie            0  0  0   1  0   0  0  0  0  0  0/0    13:17   0:00   0:00 
Nicolas Meloche          0  0  0   0  0   1  3  0  0  0  0/0    16:52   1:26   0:27 
Nikita Zaitsev           0  1  1   2  0   0  0  5  0  0  0/0    20:16   1:26   1:14 
Rem Pitlick              0  2  2   1  0   3  0  0  0  0  8/26   16:32   1:39   0:00 
Riley Sheahan            0  1  1   1  0   1  0  0  0  0  9/17   13:17   0:00   0:00 
Roman Josi               1  1  2   1  0   5  0  2  0  0  0/0    24:00   2:32   0:00 
Sheldon Rempal           0  0  0   0  0   0  0  0  0  0  5/13   18:13   0:00   0:00 
T.J. Tynan               0  0  0   1  0   1  0  0  0  0  0/1     9:59   2:19   0:00 
Travis Sanheim           0  0  0   0  0   1  0  2  0  0  0/0    21:24   2:20   1:14 
Tyler Seguin             0  1  1   1  0   6  1  0  0  0  0/0    14:21   0:26   0:38 
Warren Foegele           1  0  1   1  0   1  0  0  0  0  2/6     7:40   0:00   0:00 
Wayne Simmonds           0  0  0   0  2   0  3  0  0  0  0/1    18:12   0:00   0:00 

Players Stats for REGINA FALCONS

Player Name              G  A  P  +/- PIM S  H  SB GA TA FO     MP     PP MP  PK MP  
------------------------------------------------------------------------------------
Aaron Ekblad             0  0  0  -1  2   1  0  0  0  0  0/0    25:16   1:16   1:09 
Andrej Sekera            0  0  0   0  0   0  1  2  0  0  0/0    17:24   0:43   1:32 
Ben Harpur               0  0  0  -2  2   0  1  1  0  0  0/0    15:46   0:00   0:48 
Benoit-Olivier Groulx    0  0  0  -1  0   1  0  0  0  0  1/1    14:03   0:00   0:00 
Chris Tierney            0  0  0  -1  0   3  0  0  0  0  8/15   15:55   0:43   1:56 
Corey Andonovski         0  0  0   0  0   0  0  0  0  0  0/0     0:00   0:00   0:00 
David Pastrnak           0  1  1  -1  0   10 0  0  0  0  1/2    23:49   1:16   0:00 
Eduards Tralmaks         0  0  0  -1  0   0  1  0  0  0  1/1    13:16   0:00   0:00 
Filip Zadina             0  0  0  -1  0   4  0  0  0  0  0/0    18:43   1:16   0:00 
Ivan Provorov            1  0  1  -1  0   1  1  2  0  0  0/0    26:02   1:16   2:26 
Jack Roslovic            0  0  0  -1  0   1  0  2  0  0  12/17  20:32   0:43   2:22 
James Hamblin            0  0  0   0  0   0  0  0  0  0  4/7     8:05   0:00   0:00 
Jeff Malott              0  0  0  -1  0   2  2  0  0  0  2/2    15:41   0:00   0:26 
Joel Armia               0  0  0  -1  0   4  1  0  0  0  1/3    19:46   0:43   1:36 
Nicolas Hague            0  0  0   0  0   0  1  0  0  0  0/0    18:56   0:43   2:01 
Pierre-Olivier Joseph    0  0  0  -2  0   0  0  1  0  0  0/0    16:34   0:00   0:00 
Simon Ryfors             0  0  0   0  0   0  0  0  0  0  0/0     8:05   0:00   0:00 
Tyler Bozak              0  1  1  -1  0   0  0  0  0  0  13/22  18:07   1:16   1:36 

3 Stars

1 - Garnet Hathaway (SEA)
2 - Roman Josi (SEA)
3 - Devan Dubnyk (SEA)

Power Play

SEATTLE GRUNGE - 0 on 2 Attempt(s) - 0,00%
REGINA FALCONS - 0 on 1 Attempt(s) - 0,00%

Penalty Kill

SEATTLE GRUNGE - 1 on 1 Attempt(s) - 100,00% - Score 0 goal in Penalty Kill
REGINA FALCONS - 2 on 2 Attempt(s) - 100,00% - Score 0 goal in Penalty Kill

Team Stat

SEATTLE GRUNGE - Hits : 15 - Faceoff Wins : 27 - Blocked Shots : 13 - Penalty Minutes : 2
REGINA FALCONS - Hits : 8 - Faceoff Wins : 43 - Blocked Shots : 8 - Penalty Minutes : 4

Official

Referees : Ben O'Quinn and Frederick L'Ecuyer
Linesman : Brad Kovachik and Ken Bonham

Game Notes

Jordan Binnington enters game at 1:20 of 2nd period
Andrej Sekera is injured at 18:21 of 3rd period (Sprained Right Knee)

Finance

Level 1 -- Attendance: 4118 (68,63%) -- Ticket Income 967 730 $
Level 2 -- Attendance: 3279 (65,58%) -- Ticket Income 590 220 $
Level 3 -- Attendance: 1362 (68,10%) -- Ticket Income 190 680 $
Level 4 -- Attendance: 3155 (78,88%) -- Ticket Income 283 950 $
Luxury Box -- Attendance: 1000 (100,00%) -- Ticket Income 220 000 $
Game was played at the Larouche Arena.
Total Attendance: 12914 (71,74%)
Total Ticket Income: 2 252 580 $
Other Expense: 22 526 $
Total Income: 2 230 054 $

SEATTLE GRUNGE

5 vs 5 Forward 
   Center                   Left Wing                Right Wing               Time % Phy DF OF 
 1 Sheldon Rempal           Wayne Simmonds           Kyle Palmieri            36     1   2  2  
 2 Rem Pitlick              Jakub Vrana              Garnet Hathaway          31     1   2  2  
 3 Riley Sheahan            Tyler Seguin             Morgan Geekie            23     1   2  2  
 4 Warren Foegele           Milan Lucic              T.J. Tynan               10     1   2  2  

5 vs 5 Defense 
   Defense                  Defense                                           Time % Phy DF OF 
 1 Danny DeKeyser           Roman Josi                                        36     1   2  2  
 2 Nikita Zaitsev           David Savard                                      31     1   2  2  
 3 Nicolas Meloche          Travis Sanheim                                    23     1   2  2  
 4 Roman Josi               Travis Sanheim                                    10     1   2  2  

PowerPlay Forward 
   Center                   Left Wing                Right Wing               Time % Phy DF OF 
 1 Milan Lucic              T.J. Tynan               Kyle Palmieri            55     1   2  2  
 2 Rem Pitlick              Jakub Vrana              Garnet Hathaway          45     1   2  2  

PowerPlay Defense
   Defense                  Defense                                           Time % Phy DF OF 
 1 Roman Josi               Travis Sanheim                                    55     1   2  2  
 2 Nikita Zaitsev           Nicolas Meloche                                   45     1   2  2  

Penalty Kill 4 Players Forward 
   Center                   Wing                     Time % Phy DF OF 
 1 Milan Lucic              Garnet Hathaway          55     1   2  2  
 2 Kyle Palmieri            Jakub Vrana              45     1   2  2  

Penalty Kill 4 Players Defense
   Defense                  Defense                  Time % Phy DF OF 
 1 Nicolas Meloche          Danny DeKeyser           55     1   2  2  
 2 Nikita Zaitsev           Travis Sanheim           45     1   2  2  

Penalty Kill - 3 Players Forward 
   Forward                                           Time % Phy DF OF 
 1 Jakub Vrana                                       55     1   2  2  
 2 Garnet Hathaway                                   45     1   2  2  

Penalty Kill - 3 Players Defense
   Defense                  Defense                  Time % Phy DF OF 
 1 Roman Josi               Travis Sanheim           55     1   2  2  
 2 Nikita Zaitsev           Nicolas Meloche          45     1   2  2  

4 vs 4 Forward 
   Center                   Wing                     Time % Phy DF OF 
 1 Garnet Hathaway          Milan Lucic              55     1   2  2  
 2 T.J. Tynan               Jakub Vrana              45     1   2  2  

4 vs 4 Defense
   Defense                  Defense                  Time % Phy DF OF 
 1 Nicolas Meloche          Roman Josi               55     1   2  2  
 2 Nikita Zaitsev           Travis Sanheim           45     1   2  2  

Last Minutes Offensive
   Center                   Left Wing                Right Wing               Defense                  Defense                  
   Sheldon Rempal           Wayne Simmonds           Kyle Palmieri            Danny DeKeyser           Roman Josi               

Last Minutes Defensive
   Center                   Left Wing                Right Wing               Defense                  Defense                  
   Sheldon Rempal           Wayne Simmonds           Kyle Palmieri            Danny DeKeyser           Roman Josi               

Goaltenders
Starting : Devan Dubnyk             
Backup : Semyon Varlamov          

Extra Forwards
Normal : T.J. Tynan, Jakub Vrana, Milan Lucic - PP : T.J. Tynan, Garnet Hathaway - PK : Milan Lucic
Extra Defensemen
Normal : Nicolas Meloche, Travis Sanheim, Nikita Zaitsev - PP : Nicolas Meloche - PK : Nicolas Meloche, Nikita Zaitsev
Penalty Shots
Milan Lucic, T.J. Tynan, Sheldon Rempal, Jakub Vrana, Garnet Hathaway
Custom OT Lines Forwards
Sheldon Rempal, T.J. Tynan, Wayne Simmonds, Jakub Vrana, Garnet Hathaway, Kyle Palmieri, Milan Lucic, Rem Pitlick, Riley Sheahan, Warren Foegele
Custom OT Lines Defensemen
Roman Josi, Danny DeKeyser, Nikita Zaitsev, Travis Sanheim, Nicolas Meloche

Scratches
Nick Seeler (Healthy), Carl Hagelin (Strained Groin Injury), Tomas Tatar (Bruised Right Arm Injury), Andrew Hammond (Lacerated Left Calf Injury)

REGINA FALCONS

5 vs 5 Forward 
   Center                   Left Wing                Right Wing               Time % Phy DF OF 
 1 Jack Roslovic            Filip Zadina             Joel Armia               35     1   2  2  
 2 Tyler Bozak              Jeff Malott              David Pastrnak           35     1   2  2  
 3 Chris Tierney            Benoit-Olivier Groulx    Eduards Tralmaks         20     1   2  2  
 4 James Hamblin            Simon Ryfors             David Pastrnak           10     1   2  2  

5 vs 5 Defense 
   Defense                  Defense                                           Time % Phy DF OF 
 1 Aaron Ekblad             Ivan Provorov                                     40     1   2  2  
 2 Nicolas Hague            Andrej Sekera                                     30     1   2  2  
 3 Pierre-Olivier Joseph    Ben Harpur                                        20     1   2  2  
 4 Aaron Ekblad             Ivan Provorov                                     10     1   2  2  

PowerPlay Forward 
   Center                   Left Wing                Right Wing               Time % Phy DF OF 
 1 Jack Roslovic            Chris Tierney            Joel Armia               50     1   2  2  
 2 Tyler Bozak              Filip Zadina             David Pastrnak           50     1   2  2  

PowerPlay Defense
   Defense                  Defense                                           Time % Phy DF OF 
 1 Aaron Ekblad             Ivan Provorov                                     55     1   2  2  
 2 Nicolas Hague            Andrej Sekera                                     45     1   2  2  

Penalty Kill 4 Players Forward 
   Center                   Wing                     Time % Phy DF OF 
 1 Chris Tierney            Jack Roslovic            55     1   2  2  
 2 Tyler Bozak              Joel Armia               45     1   2  2  

Penalty Kill 4 Players Defense
   Defense                  Defense                  Time % Phy DF OF 
 1 Aaron Ekblad             Ivan Provorov            55     1   2  2  
 2 Nicolas Hague            Andrej Sekera            45     1   2  2  

Penalty Kill - 3 Players Forward 
   Forward                                           Time % Phy DF OF 
 1 Chris Tierney                                     55     1   2  2  
 2 Jack Roslovic                                     45     1   2  2  

Penalty Kill - 3 Players Defense
   Defense                  Defense                  Time % Phy DF OF 
 1 Aaron Ekblad             Ivan Provorov            55     1   2  2  
 2 Nicolas Hague            Andrej Sekera            45     1   2  2  

4 vs 4 Forward 
   Center                   Wing                     Time % Phy DF OF 
 1 Chris Tierney            Jack Roslovic            55     1   2  2  
 2 Tyler Bozak              Joel Armia               45     1   2  2  

4 vs 4 Defense
   Defense                  Defense                  Time % Phy DF OF 
 1 Aaron Ekblad             Ivan Provorov            55     1   2  2  
 2 Nicolas Hague            Andrej Sekera            45     1   2  2  

Last Minutes Offensive
   Center                   Left Wing                Right Wing               Defense                  Defense                  
   Jack Roslovic            Benoit-Olivier Groulx    David Pastrnak           Aaron Ekblad             Ivan Provorov            

Last Minutes Defensive
   Center                   Left Wing                Right Wing               Defense                  Defense                  
   Jack Roslovic            Benoit-Olivier Groulx    David Pastrnak           Aaron Ekblad             Ivan Provorov            

Goaltenders
Starting : Chris Driedger           
Backup : Jordan Binnington        

Extra Forwards
Normal : Benoit-Olivier Groulx, Chris Tierney, Jeff Malott - PP : Benoit-Olivier Groulx, Chris Tierney - PK : Jeff Malott
Extra Defensemen
Normal : Pierre-Olivier Joseph, Ben Harpur, Nicolas Hague - PP : Pierre-Olivier Joseph - PK : Ben Harpur, Nicolas Hague
Penalty Shots
David Pastrnak, Jack Roslovic, Tyler Bozak, Joel Armia, Chris Tierney
Custom OT Lines Forwards
David Pastrnak, Jack Roslovic, Tyler Bozak, Joel Armia, Benoit-Olivier Groulx, Chris Tierney, Filip Zadina, Jeff Malott, James Hamblin, Simon Ryfors
Custom OT Lines Defensemen
Aaron Ekblad, Ivan Provorov, Nicolas Hague, Andrej Sekera, Pierre-Olivier Joseph

Scratches
Jonathan Drouin (Upper Body Injury), Jason Dickinson (Healthy), Jonathan Miller (Healthy), Joel Edmundson (Right Leg Injury)

% Time on Ice - SEATTLE GRUNGE

Lines # - Real PCT - Wanted PCT - Time Play
Normal Forward
1 - 34% - 36% - 18:13
2 - 28% - 31% - 14:53
3 - 25% - 23% - 13:17
4 - 14% - 10% - 7:40
Normal Defense
1 - 34% - 36% - 18:37
2 - 33% - 31% - 17:36
3 - 28% - 23% - 14:59
4 - 5% - 10% - 2:51
PP Forward
1 - 58% - 55% - 2:19
2 - 42% - 45% - 1:39
PP Defense
1 - 64% - 55% - 2:32
2 - 36% - 45% - 1:26
PK Forward
1 - 76% - 55% - 1:30
2 - 24% - 45% - 0:29
PK Defense
1 - 38% - 55% - 0:45
2 - 62% - 45% - 1:14
PK3 Forward
1 - 0% - 55%
2 - 0% - 45%
PK3 Defense
1 - 0% - 55%
2 - 0% - 45%
44 Forward
1 - 0% - 55%
2 - 0% - 45%
44 Defense
1 - 0% - 55%
2 - 0% - 45%
Last Minute Offensive  - 0:00
Last Minute Defensive  - 0:00
Total
Forward - 60:00
Defense - 60:00

% Time on Ice - REGINA FALCONS

Lines # - Real PCT - Wanted PCT - Time Play
Normal Forward
1 - 32% - 35% - 17:27
2 - 28% - 35% - 15:15
3 - 25% - 20% - 13:16
4 - 15% - 10% - 8:05
Normal Defense
1 - 37% - 40% - 20:02
2 - 30% - 30% - 16:12
3 - 28% - 20% - 14:59
4 - 5% - 10% - 2:50
PP Forward
1 - 36% - 50% - 0:43
2 - 64% - 50% - 1:16
PP Defense
1 - 64% - 55% - 1:16
2 - 36% - 45% - 0:43
PK Forward
1 - 60% - 55% - 2:22
2 - 40% - 45% - 1:36
PK Defense
1 - 61% - 55% - 2:26
2 - 39% - 45% - 1:32
PK3 Forward
1 - 0% - 55%
2 - 0% - 45%
PK3 Defense
1 - 0% - 55%
2 - 0% - 45%
44 Forward
1 - 0% - 55%
2 - 0% - 45%
44 Defense
1 - 0% - 55%
2 - 0% - 45%
Last Minute Offensive  - 0:00
Last Minute Defensive  - 0:00
Total
Forward - 60:00
Defense - 60:00

Play-by-Play

1st period


0:01 of 1st period - Jack Roslovic wins face-off versus Sheldon Rempal in neutral zone.
0:06 of 1st period - Shot by Filip Zadina.
0:06 of 1st period - Stopped by Devan Dubnyk with a rebound.
0:24 of 1st period - Ivan Provorov is hit by Wayne Simmonds and loses puck.
1:20 of 1st period - Shot by Garnet Hathaway.
1:20 of 1st period - Stopped by Chris Driedger without a rebound.
1:21 of 1st period - Chris Tierney wins face-off versus Riley Sheahan in REGINA FALCONS zone.
2:18 of 1st period - Shot by Warren Foegele.
2:18 of 1st period - Goal by Warren Foegele - SEATTLE GRUNGE : 1 - REGINA FALCONS : 0.
2:19 of 1st period - Tyler Bozak wins face-off versus Rem Pitlick in neutral zone.
2:59 of 1st period - Off-side.
3:00 of 1st period - Jack Roslovic wins face-off versus Sheldon Rempal in neutral zone.
4:27 of 1st period - Shot by David Pastrnak.
4:27 of 1st period - Shot Blocked by Roman Josi.
4:37 of 1st period - Shot by Travis Sanheim.
4:37 of 1st period - Shot Misses the Net.
4:56 of 1st period - Off-side.
4:57 of 1st period - Eduards Tralmaks wins face-off versus Rem Pitlick in neutral zone.
5:03 of 1st period - Icing by Roman Josi.
5:04 of 1st period - Jack Roslovic wins face-off versus Rem Pitlick in SEATTLE GRUNGE zone.
5:25 of 1st period - Shot by Joel Armia.
5:25 of 1st period - Stopped by Devan Dubnyk with a rebound.
5:27 of 1st period - Shot by Joel Armia.
5:27 of 1st period - Shot Blocked by Danny DeKeyser.
5:29 of 1st period - Shot by Aaron Ekblad.
5:29 of 1st period - Stopped by Devan Dubnyk with a rebound.
5:31 of 1st period - Shot by Jack Roslovic.
5:31 of 1st period - Stopped by Devan Dubnyk with a rebound.
5:43 of 1st period - Shot by Joel Armia.
5:43 of 1st period - Stopped by Devan Dubnyk without a rebound.
5:44 of 1st period - Sheldon Rempal wins face-off versus Chris Tierney in SEATTLE GRUNGE zone.
5:44 of 1st period - Sheldon Rempal is hit by Eduards Tralmaks.
6:05 of 1st period - Kyle Palmieri is hit by Andrej Sekera and loses puck.
6:13 of 1st period - Kyle Palmieri is hit by Nicolas Hague and loses puck.
6:29 of 1st period - Chris Tierney is hit by Wayne Simmonds and loses puck.
6:33 of 1st period - Nicolas Hague is hit by David Savard and loses puck.
6:56 of 1st period - Shot by Tyler Seguin.
6:56 of 1st period - Shot Misses the Net.
7:08 of 1st period - Travis Sanheim is hit by Jeff Malott and loses puck.
7:21 of 1st period - Shot by Tyler Seguin.
7:21 of 1st period - Stopped by Chris Driedger with a rebound.
7:53 of 1st period - Shot by Joel Armia.
7:53 of 1st period - Stopped by Devan Dubnyk with a rebound.
8:05 of 1st period - Shot by Garnet Hathaway.
8:05 of 1st period - Shot Misses the Net.
8:07 of 1st period - Shot by Roman Josi.
8:07 of 1st period - Stopped by Chris Driedger without a rebound.
8:08 of 1st period - James Hamblin wins face-off versus Warren Foegele in REGINA FALCONS zone.
8:33 of 1st period - Shot by T.J. Tynan.
8:33 of 1st period - Stopped by Chris Driedger with a rebound.
8:55 of 1st period - Icing by Nicolas Hague.
8:56 of 1st period - Rem Pitlick wins face-off versus James Hamblin in REGINA FALCONS zone.
9:27 of 1st period - Shot by Ivan Provorov.
9:27 of 1st period - Shot Misses the Net.
9:29 of 1st period - Shot by Joel Armia.
9:29 of 1st period - Shot Blocked by Nikita Zaitsev.
9:31 of 1st period - Shot by Ivan Provorov.
9:31 of 1st period - Shot Blocked by Nikita Zaitsev.
9:33 of 1st period - Shot by Filip Zadina.
9:33 of 1st period - Shot Blocked by Nikita Zaitsev.
10:26 of 1st period - Shot by Kyle Palmieri.
10:26 of 1st period - Stopped by Chris Driedger with a rebound.
10:28 of 1st period - Shot by Travis Sanheim.
10:28 of 1st period - Stopped by Chris Driedger with a rebound.
10:35 of 1st period - Icing by Pierre-Olivier Joseph.
10:36 of 1st period - Chris Tierney wins face-off versus Riley Sheahan in REGINA FALCONS zone.
10:36 of 1st period - Chris Tierney is hit by Tyler Seguin.
10:41 of 1st period - Off-side.
10:42 of 1st period - Riley Sheahan wins face-off versus Tyler Bozak in neutral zone.
11:37 of 1st period - Icing by Ivan Provorov.
11:38 of 1st period - Chris Tierney wins face-off versus Sheldon Rempal in REGINA FALCONS zone.
12:14 of 1st period - Icing by Nicolas Meloche.
12:15 of 1st period - Jack Roslovic wins face-off versus Kyle Palmieri in SEATTLE GRUNGE zone.
12:18 of 1st period - Shot by Filip Zadina.
12:18 of 1st period - Shot Misses the Net.
12:52 of 1st period - Shot by Rem Pitlick.
12:52 of 1st period - Shot Blocked by Pierre-Olivier Joseph.
13:11 of 1st period - Shot by Garnet Hathaway.
13:11 of 1st period - Goal by Garnet Hathaway - SEATTLE GRUNGE : 2 - REGINA FALCONS : 0.
13:12 of 1st period - Riley Sheahan wins face-off versus Tyler Bozak in neutral zone.
13:20 of 1st period - Shot by Roman Josi.
13:20 of 1st period - Goal by Roman Josi - SEATTLE GRUNGE : 3 - REGINA FALCONS : 0.
13:21 of 1st period - Tyler Bozak wins face-off versus Warren Foegele in neutral zone.
14:01 of 1st period - Shot by David Pastrnak.
14:01 of 1st period - Stopped by Devan Dubnyk with a rebound.
14:03 of 1st period - Shot by Tyler Bozak.
14:03 of 1st period - Deflect By David Pastrnak.
14:03 of 1st period - Stopped by Devan Dubnyk without a rebound.
14:04 of 1st period - Sheldon Rempal wins face-off versus Chris Tierney in SEATTLE GRUNGE zone.
14:34 of 1st period - Shot by Kyle Palmieri.
14:34 of 1st period - Stopped by Chris Driedger with a rebound.
14:58 of 1st period - Shot by Garnet Hathaway.
14:58 of 1st period - Stopped by Chris Driedger with a rebound.
16:22 of 1st period - David Pastrnak is hit by Nicolas Meloche and loses puck.
17:35 of 1st period - Filip Zadina is hit by Danny DeKeyser and loses puck.
17:42 of 1st period - Shot by Roman Josi.
17:42 of 1st period - Shot Misses the Net.
17:44 of 1st period - Shot by Roman Josi.
17:44 of 1st period - Stopped by Chris Driedger without a rebound.
17:45 of 1st period - James Hamblin wins face-off versus Rem Pitlick in REGINA FALCONS zone.
17:51 of 1st period - Icing by Aaron Ekblad.
17:52 of 1st period - Rem Pitlick wins face-off versus James Hamblin in REGINA FALCONS zone.
17:59 of 1st period - Shot by Jakub Vrana.
17:59 of 1st period - Stopped by Chris Driedger without a rebound.
18:00 of 1st period - Tyler Bozak wins face-off versus Sheldon Rempal in REGINA FALCONS zone.
18:17 of 1st period - Shot by David Pastrnak.
18:17 of 1st period - Shot Misses the Net.
18:19 of 1st period - Shot by David Pastrnak.
18:19 of 1st period - Stopped by Devan Dubnyk without a rebound.
18:20 of 1st period - Jack Roslovic wins face-off versus Rem Pitlick in SEATTLE GRUNGE zone.
18:46 of 1st period - Garnet Hathaway is hit by Ben Harpur and loses puck.
Goals for this period are 3 for SEATTLE GRUNGE vs 0 for REGINA FALCONS.
Shots for this period are 13 for SEATTLE GRUNGE vs 9 for REGINA FALCONS.

2nd period


0:01 of 2nd period - Tyler Bozak wins face-off versus Riley Sheahan in neutral zone.
0:20 of 2nd period - Icing by Roman Josi.
0:21 of 2nd period - Riley Sheahan wins face-off versus Jack Roslovic in SEATTLE GRUNGE zone.
0:21 of 2nd period - Riley Sheahan is hit by Joel Armia.
0:42 of 2nd period - Shot by Tyler Seguin.
0:42 of 2nd period - Stopped by Chris Driedger with a rebound.
0:44 of 2nd period - Shot by Tyler Seguin.
0:44 of 2nd period - Stopped by Chris Driedger without a rebound.
0:45 of 2nd period - Jeff Malott wins face-off versus Sheldon Rempal in REGINA FALCONS zone.
0:45 of 2nd period - Jeff Malott is hit by Wayne Simmonds.
1:03 of 2nd period - Shot by David Savard.
1:03 of 2nd period - Shot Blocked by Ivan Provorov.
1:05 of 2nd period - Shot by Nikita Zaitsev.
1:05 of 2nd period - Shot Blocked by Ivan Provorov.
1:10 of 2nd period - Icing by Aaron Ekblad.
1:11 of 2nd period - Rem Pitlick wins face-off versus Tyler Bozak in REGINA FALCONS zone.
1:18 of 2nd period - Shot by Roman Josi.
1:18 of 2nd period - Stopped by Chris Driedger with a rebound.
1:20 of 2nd period - Shot by Garnet Hathaway.
1:20 of 2nd period - Goal by Garnet Hathaway - SEATTLE GRUNGE : 4 - REGINA FALCONS : 0.
1:20 of 2nd period - Jordan Binnington enters game.
1:21 of 2nd period - Riley Sheahan wins face-off versus Jack Roslovic in neutral zone.
2:11 of 2nd period - Icing by Jack Roslovic.
2:12 of 2nd period - Jack Roslovic wins face-off versus Sheldon Rempal in REGINA FALCONS zone.
2:16 of 2nd period - Off-side.
2:17 of 2nd period - Tyler Bozak wins face-off versus Sheldon Rempal in neutral zone.
2:56 of 2nd period - Shot by David Pastrnak.
2:56 of 2nd period - Shot Misses the Net.
3:09 of 2nd period - Icing by Aaron Ekblad.
3:10 of 2nd period - Tyler Bozak wins face-off versus Rem Pitlick in REGINA FALCONS zone.
3:23 of 2nd period - Shot by Rem Pitlick.
3:23 of 2nd period - Stopped by Jordan Binnington without a rebound.
3:24 of 2nd period - Riley Sheahan wins face-off versus Jack Roslovic in REGINA FALCONS zone.
3:25 of 2nd period - Shot by Tyler Seguin.
3:25 of 2nd period - Stopped by Jordan Binnington without a rebound.
3:26 of 2nd period - Jack Roslovic wins face-off versus Rem Pitlick in REGINA FALCONS zone.
3:26 of 2nd period - Jack Roslovic is hit by Garnet Hathaway.
3:50 of 2nd period - Shot by Filip Zadina.
3:50 of 2nd period - Stopped by Devan Dubnyk without a rebound.
3:51 of 2nd period - Riley Sheahan wins face-off versus James Hamblin in SEATTLE GRUNGE zone.
4:08 of 2nd period - Icing by Aaron Ekblad.
4:09 of 2nd period - David Pastrnak wins face-off versus Wayne Simmonds in REGINA FALCONS zone.
4:26 of 2nd period - Shot by Kyle Palmieri.
4:26 of 2nd period - Shot Misses the Net.
4:36 of 2nd period - Shot by Aaron Ekblad.
4:36 of 2nd period - Shot Blocked by Danny DeKeyser.
5:27 of 2nd period - Icing by Garnet Hathaway.
5:28 of 2nd period - Chris Tierney wins face-off versus Rem Pitlick in SEATTLE GRUNGE zone.
5:37 of 2nd period - Shot by Chris Tierney.
5:37 of 2nd period - Stopped by Devan Dubnyk without a rebound.
5:38 of 2nd period - Jack Roslovic wins face-off versus Riley Sheahan in SEATTLE GRUNGE zone.
5:46 of 2nd period - Icing by Riley Sheahan.
5:47 of 2nd period - Chris Tierney wins face-off versus Riley Sheahan in SEATTLE GRUNGE zone.
7:05 of 2nd period - Minor Penalty to Aaron Ekblad for Tripping.
7:06 of 2nd period - Chris Tierney wins face-off versus Rem Pitlick in REGINA FALCONS zone.
8:00 of 2nd period - Shot by Nikita Zaitsev.
8:00 of 2nd period - Shot Blocked by Jack Roslovic.
8:06 of 2nd period - Shot by Kyle Palmieri.
8:06 of 2nd period - Shot Blocked by Ben Harpur.
8:08 of 2nd period - Shot by Nikita Zaitsev.
8:08 of 2nd period - Shot Misses the Net.
8:10 of 2nd period - Shot by Milan Lucic.
8:10 of 2nd period - Shot Misses the Net.
8:12 of 2nd period - Shot by Nikita Zaitsev.
8:12 of 2nd period - Shot Blocked by Jack Roslovic.
8:36 of 2nd period - Shot by David Savard.
8:36 of 2nd period - Shot Hit the Post.
8:38 of 2nd period - Shot by Roman Josi.
8:38 of 2nd period - Stopped by Jordan Binnington without a rebound.
8:39 of 2nd period - Tyler Bozak wins face-off versus Milan Lucic in REGINA FALCONS zone.
9:36 of 2nd period - Icing by David Savard.
9:37 of 2nd period - Riley Sheahan wins face-off versus Joel Armia in SEATTLE GRUNGE zone.
9:49 of 2nd period - Shot by Tyler Seguin.
9:49 of 2nd period - Stopped by Jordan Binnington with a rebound.
10:02 of 2nd period - Icing by Joel Armia.
10:03 of 2nd period - Jack Roslovic wins face-off versus Rem Pitlick in REGINA FALCONS zone.
10:03 of 2nd period - Jack Roslovic is hit by Garnet Hathaway.
10:11 of 2nd period - Shot by Filip Zadina.
10:11 of 2nd period - Shot Misses the Net.
10:41 of 2nd period - Shot by Rem Pitlick.
10:41 of 2nd period - Stopped by Jordan Binnington without a rebound.
10:42 of 2nd period - Sheldon Rempal wins face-off versus Chris Tierney in REGINA FALCONS zone.
11:25 of 2nd period - Minor Penalty to Wayne Simmonds for Interference.
11:26 of 2nd period - Milan Lucic wins face-off versus Tyler Bozak in SEATTLE GRUNGE zone.
12:09 of 2nd period - Shot by Aaron Ekblad.
12:09 of 2nd period - Shot Blocked by Nikita Zaitsev.
14:27 of 2nd period - Filip Zadina is hit by David Savard and loses puck.
14:30 of 2nd period - Shot by Joel Armia.
14:30 of 2nd period - Shot Misses the Net.
14:32 of 2nd period - Shot by Joel Armia.
14:32 of 2nd period - Stopped by Devan Dubnyk without a rebound.
14:33 of 2nd period - Riley Sheahan wins face-off versus Tyler Bozak in SEATTLE GRUNGE zone.
14:51 of 2nd period - Shot by David Pastrnak.
14:51 of 2nd period - Stopped by Devan Dubnyk without a rebound.
14:52 of 2nd period - Chris Tierney wins face-off versus Rem Pitlick in SEATTLE GRUNGE zone.
15:05 of 2nd period - Shot by Chris Tierney.
15:05 of 2nd period - Stopped by Devan Dubnyk with a rebound.
15:16 of 2nd period - Icing by Aaron Ekblad.
15:17 of 2nd period - Sheldon Rempal wins face-off versus Chris Tierney in REGINA FALCONS zone.
15:55 of 2nd period - Off-side.
15:56 of 2nd period - Rem Pitlick wins face-off versus Tyler Bozak in neutral zone.
16:01 of 2nd period - Shot by Garnet Hathaway.
16:01 of 2nd period - Stopped by Jordan Binnington without a rebound.
16:02 of 2nd period - Tyler Bozak wins face-off versus Rem Pitlick in REGINA FALCONS zone.
16:19 of 2nd period - Shot by Jeff Malott.
16:19 of 2nd period - Stopped by Devan Dubnyk without a rebound.
16:20 of 2nd period - Joel Armia wins face-off versus Riley Sheahan in SEATTLE GRUNGE zone.
17:28 of 2nd period - Off-side.
17:29 of 2nd period - Tyler Bozak wins face-off versus Sheldon Rempal in neutral zone.
17:40 of 2nd period - Shot by David Pastrnak.
17:40 of 2nd period - Deflect By Jeff Malott.
17:40 of 2nd period - Stopped by Devan Dubnyk with a rebound.
17:42 of 2nd period - Shot by David Pastrnak.
17:42 of 2nd period - Shot Misses the Net.
18:27 of 2nd period - Benoit-Olivier Groulx is hit by Nicolas Meloche and loses puck.
18:34 of 2nd period - Shot by Benoit-Olivier Groulx.
18:34 of 2nd period - Shot Blocked by Travis Sanheim.
18:36 of 2nd period - Shot by Nicolas Hague.
18:36 of 2nd period - Shot Misses the Net.
18:58 of 2nd period - Shot by Chris Tierney.
18:58 of 2nd period - Stopped by Devan Dubnyk with a rebound.
19:16 of 2nd period - Icing by Jack Roslovic.
19:17 of 2nd period - Jack Roslovic wins face-off versus Warren Foegele in REGINA FALCONS zone.
19:24 of 2nd period - Shot by Filip Zadina.
19:24 of 2nd period - Stopped by Devan Dubnyk without a rebound.
19:25 of 2nd period - James Hamblin wins face-off versus Riley Sheahan in SEATTLE GRUNGE zone.
19:32 of 2nd period - Shot by David Pastrnak.
19:32 of 2nd period - Shot Misses the Net.
Goals for this period are 1 for SEATTLE GRUNGE vs 0 for REGINA FALCONS.
Shots for this period are 10 for SEATTLE GRUNGE vs 9 for REGINA FALCONS.

3rd period


0:01 of 3rd period - Tyler Bozak wins face-off versus Rem Pitlick in neutral zone.
0:04 of 3rd period - Shot by David Pastrnak.
0:04 of 3rd period - Stopped by Devan Dubnyk with a rebound.
0:06 of 3rd period - Shot by Ivan Provorov.
0:06 of 3rd period - Goal by Ivan Provorov - SEATTLE GRUNGE : 4 - REGINA FALCONS : 1.
0:07 of 3rd period - Tyler Bozak wins face-off versus Rem Pitlick in neutral zone.
0:07 of 3rd period - Tyler Bozak is hit by Garnet Hathaway.
0:13 of 3rd period - Shot by David Pastrnak.
0:13 of 3rd period - Stopped by Devan Dubnyk without a rebound.
0:14 of 3rd period - Jeff Malott wins face-off versus Rem Pitlick in SEATTLE GRUNGE zone.
0:19 of 3rd period - Shot by David Pastrnak.
0:19 of 3rd period - Shot Misses the Net.
0:53 of 3rd period - Shot by Garnet Hathaway.
0:53 of 3rd period - Shot Misses the Net.
0:55 of 3rd period - Shot by Garnet Hathaway.
0:55 of 3rd period - Deflect By Rem Pitlick.
0:55 of 3rd period - Stopped by Jordan Binnington without a rebound.
0:56 of 3rd period - Sheldon Rempal wins face-off versus Joel Armia in REGINA FALCONS zone.
1:11 of 3rd period - Shot by Jack Roslovic.
1:11 of 3rd period - Shot Misses the Net.
1:13 of 3rd period - Shot by Joel Armia.
1:13 of 3rd period - Shot Blocked by David Savard.
1:31 of 3rd period - Shot by Jack Roslovic.
1:31 of 3rd period - Shot Blocked by David Savard.
1:33 of 3rd period - Shot by Jack Roslovic.
1:33 of 3rd period - Shot Misses the Net.
1:56 of 3rd period - Shot by Eduards Tralmaks.
1:56 of 3rd period - Shot Blocked by Nikita Zaitsev.
1:58 of 3rd period - Shot by Pierre-Olivier Joseph.
1:58 of 3rd period - Shot Misses the Net.
2:59 of 3rd period - Shot by David Pastrnak.
2:59 of 3rd period - Stopped by Devan Dubnyk with a rebound.
3:03 of 3rd period - Shot by Aaron Ekblad.
3:03 of 3rd period - Shot Misses the Net.
5:23 of 3rd period - Icing by Jack Roslovic.
5:24 of 3rd period - Jack Roslovic wins face-off versus Garnet Hathaway in REGINA FALCONS zone.
5:32 of 3rd period - Filip Zadina is hit by Danny DeKeyser and loses puck.
7:07 of 3rd period - Shot by Warren Foegele.
7:07 of 3rd period - Shot Misses the Net.
7:09 of 3rd period - Shot by Roman Josi.
7:09 of 3rd period - Shot Misses the Net.
7:27 of 3rd period - Shot by Milan Lucic.
7:27 of 3rd period - Stopped by Jordan Binnington without a rebound.
7:28 of 3rd period - Rem Pitlick wins face-off versus Tyler Bozak in REGINA FALCONS zone.
7:28 of 3rd period - Rem Pitlick is hit by Ivan Provorov.
8:01 of 3rd period - David Pastrnak is hit by Nicolas Meloche and loses puck.
8:53 of 3rd period - Icing by Ben Harpur.
8:54 of 3rd period - Chris Tierney wins face-off versus Riley Sheahan in REGINA FALCONS zone.
9:10 of 3rd period - Icing by Roman Josi.
9:11 of 3rd period - Riley Sheahan wins face-off versus David Pastrnak in SEATTLE GRUNGE zone.
9:23 of 3rd period - Shot by Tyler Seguin.
9:23 of 3rd period - Deflect By Riley Sheahan.
9:23 of 3rd period - Stopped by Jordan Binnington without a rebound.
9:24 of 3rd period - Tyler Bozak wins face-off versus Warren Foegele in REGINA FALCONS zone.
9:24 of 3rd period - Tyler Bozak is hit by Milan Lucic.
9:58 of 3rd period - Shot by David Pastrnak.
9:58 of 3rd period - Stopped by Devan Dubnyk without a rebound.
9:59 of 3rd period - Rem Pitlick wins face-off versus Chris Tierney in SEATTLE GRUNGE zone.
10:08 of 3rd period - Shot by Chris Tierney.
10:08 of 3rd period - Shot Misses the Net.
10:14 of 3rd period - Shot by Benoit-Olivier Groulx.
10:14 of 3rd period - Stopped by Devan Dubnyk with a rebound.
10:16 of 3rd period - Shot by Benoit-Olivier Groulx.
10:16 of 3rd period - Shot Blocked by Travis Sanheim.
10:59 of 3rd period - Shot by David Pastrnak.
10:59 of 3rd period - Shot Misses the Net.
11:01 of 3rd period - Shot by David Pastrnak.
11:01 of 3rd period - Shot Misses the Net.
11:29 of 3rd period - Shot by David Pastrnak.
11:29 of 3rd period - Stopped by Devan Dubnyk without a rebound.
11:30 of 3rd period - Warren Foegele wins face-off versus Jack Roslovic in SEATTLE GRUNGE zone.
11:47 of 3rd period - Shot by Nicolas Hague.
11:47 of 3rd period - Shot Misses the Net.
12:03 of 3rd period - Shot by Filip Zadina.
12:03 of 3rd period - Stopped by Devan Dubnyk without a rebound.
12:04 of 3rd period - Rem Pitlick wins face-off versus Tyler Bozak in SEATTLE GRUNGE zone.
12:04 of 3rd period - Rem Pitlick is hit by Jeff Malott.
12:20 of 3rd period - Shot by Rem Pitlick.
12:20 of 3rd period - Shot Misses the Net.
12:41 of 3rd period - Icing by Nikita Zaitsev.
12:42 of 3rd period - Jack Roslovic wins face-off versus Rem Pitlick in SEATTLE GRUNGE zone.
12:43 of 3rd period - Shot by Filip Zadina.
12:43 of 3rd period - Shot Misses the Net.
12:51 of 3rd period - Shot by Garnet Hathaway.
12:51 of 3rd period - Stopped by Jordan Binnington with a rebound.
13:28 of 3rd period - Shot by Riley Sheahan.
13:28 of 3rd period - Deflect By Tyler Seguin.
13:28 of 3rd period - Stopped by Jordan Binnington without a rebound.
13:29 of 3rd period - Benoit-Olivier Groulx wins face-off versus T.J. Tynan in REGINA FALCONS zone.
14:25 of 3rd period - Shot by David Pastrnak.
14:25 of 3rd period - Stopped by Devan Dubnyk without a rebound.
14:26 of 3rd period - James Hamblin wins face-off versus Rem Pitlick in SEATTLE GRUNGE zone.
14:27 of 3rd period - Shot by David Pastrnak.
14:27 of 3rd period - Shot Blocked by Roman Josi.
14:32 of 3rd period - Off-side.
14:33 of 3rd period - Tyler Bozak wins face-off versus Rem Pitlick in neutral zone.
14:48 of 3rd period - Shot by Tyler Bozak.
14:48 of 3rd period - Deflect By David Pastrnak.
14:48 of 3rd period - Shot Misses the Net.
14:57 of 3rd period - Minor Penalty to Ben Harpur for Hooking.
14:58 of 3rd period - Milan Lucic wins face-off versus Chris Tierney in REGINA FALCONS zone.
15:03 of 3rd period - Shot by Roman Josi.
15:03 of 3rd period - Shot Misses the Net.
15:22 of 3rd period - Icing by Kyle Palmieri.
15:23 of 3rd period - Milan Lucic wins face-off versus Chris Tierney in SEATTLE GRUNGE zone.
16:59 of 3rd period - Shot by Morgan Geekie.
16:59 of 3rd period - Shot Misses the Net.
18:07 of 3rd period - Shot by Kyle Palmieri.
18:07 of 3rd period - Stopped by Jordan Binnington without a rebound.
18:08 of 3rd period - Rem Pitlick wins face-off versus Jack Roslovic in REGINA FALCONS zone.
18:13 of 3rd period - Shot by Jakub Vrana.
18:13 of 3rd period - Shot Misses the Net.
18:15 of 3rd period - Shot by Rem Pitlick.
18:15 of 3rd period - Shot Misses the Net.
18:17 of 3rd period - Shot by Travis Sanheim.
18:17 of 3rd period - Shot Blocked by Andrej Sekera.
18:19 of 3rd period - Shot by Nicolas Meloche.
18:19 of 3rd period - Stopped by Jordan Binnington with a rebound.
18:21 of 3rd period - Shot by Garnet Hathaway.
18:21 of 3rd period - Shot Blocked by Andrej Sekera.
18:21 of 3rd period - Andrej Sekera from REGINA FALCONS is injured at 18:21 of 3rd period (Sprained Right Knee).
18:22 of 3rd period - Warren Foegele wins face-off versus Tyler Bozak in REGINA FALCONS zone.
Goals for this period are 0 for SEATTLE GRUNGE vs 1 for REGINA FALCONS.
Shots for this period are 7 for SEATTLE GRUNGE vs 9 for REGINA FALCONS.


SEBASTIAN
AHO
MARK
SCHEIFELE
JAKE
OETTINGER

EAST COAST

HOCKEY LEAGUE

  • 17.QUE3CHI2
  • 18.CHA2LIM4
  • 19.TRV3LON2
  • 20.CHW1BAL2
  • 21.PITMAN
  • 22.ATLNHW
  • 23.WORPET
  • 24.RHI